 Dungeon Crawl Stone Soup version 0.30.0-18-gc0e69614cb (webtiles) character file.

Game seed: 575968721079125719

499 sampeng1 the Trooper (level 6, -4/57 HPs)
             Began as a Minotaur Berserker on May 25, 2023.
             Was a Believer of Trog.
             Engulfed by a cloud of flame (18 damage)
             ... on level 3 of the Dungeon.
             The game lasted 00:10:54 (3430 turns).

sampeng1 the Trooper (Minotaur Berserker)           Turns: 3430, Time: 00:10:54

Health: -4/57      AC: 10    Str: 23    XL:     6   Next: 94%
Magic:  5/5        EV: 12    Int:  4    God:    Trog [**....]
Gold:   230        SH:  0    Dex: 10    Spells: 5/5 levels left

rFire   . . .        a - +0 hand axe
rCold   . . .        (no shield)
rNeg    . . .        e - +1 ring mail
rPois   .            (helmet restricted)
rElec   .            (no cloak)
rCorr   .            m - +2 pair of gloves
SInv    .            (no boots)
Will    .....        (no amulet) Stlth
                     (no ring)
HPRegen 0.29/turn    (no ring)
MPRegen 0.09/turn

%: no passive effects
@: no status effects
A: horns 2, retaliatory headbutt
a: Renounce Religion, Berserk, Trog's Hand


You were on level 3 of the Dungeon.
You worshipped Trog.
Trog was pleased with you.
You visited 1 branch of the dungeon, and saw 3 of its levels.

You collected 230 gold pieces.

Inventory:

Hand Weapons
 a - a +0 hand axe (weapon)
Missiles
 c - 2 throwing nets (quivered)
Armour
 e - a +1 ring mail (worn)
 m - a +2 pair of gloves (worn)
Jewellery
 o - an amulet of faith
Wands
 p - a wand of light (10)
 r - a wand of mindburst (12)
Scrolls
 b - 2 scrolls of identify
 d - a scroll of poison
 g - a scroll of enchant armour
 n - a scroll of teleportation {unknown}
 q - a scroll of magic mapping {unknown}
Potions
 f - 2 potions of invisibility
 h - a potion of brilliance
 i - a potion of might
 j - a potion of mutation {unknown}
 k - 3 potions of heal wounds
 l - a potion of curing


   Skills:
 + Level 5.7 Fighting
 + Level 5.6 Axes
 + Level 4.9 Armour
 + Level 4.4 Dodging


You had 5 spell levels left.
You didn't know any spells.
Your spell library was empty.

Dungeon Overview and Level Annotations

Branches:
Dungeon (3/15)

Altars:
Gozag


Innate Abilities, Weirdness & Mutations

You have a pair of horns on your head.
You reflexively headbutt those who attack you in melee.


Message History

Things that are here:
a hobgoblin corpse; a rat corpse You open the door.
There is an open door here.
There is an open door here.
As you open the door, it creaks loudly!
A frilled lizard comes into view.
There is an open door here.
You hit the frilled lizard.
You kill the frilled lizard!
Trog accepts your kill.
You enter the shallow water.
Moving in this stuff is going to be slow.
You see here a frilled lizard corpse.
There is an open door here.
There is an open door here.
There is an open door here.
Partly explored, can't reach some items and places.
Really walk into a travel-excluded area?
You are engulfed in blazing flames.
You are engulfed in blazing flames.
* * * LOW HITPOINT WARNING * * *
You now have 200 gold pieces (gained 5).
You now have 214 gold pieces (gained 14).
You now have 230 gold pieces (gained 16).
Done exploring.
Really walk into a travel-excluded area?
Really walk into that cloud of flame? [Y]es or [N]o only, please.
Really walk into that cloud of flame?
Okay, then.
Really walk into that cloud of flame? [Y]es or [N]o only, please.
Really walk into that cloud of flame?
Okay, then.
You are engulfed in blazing flames.
You are engulfed in blazing flames.
* * * LOW HITPOINT WARNING * * *
You are engulfed in blazing flames.
You die...

......#..# #.#.###.# ##.....##
.###.##..# #.#.##..# ##.......#
.##....).####.#.#...####.........
.......................'.........
........#######.#...####.........
####.##.# #.##.## ##.......#
####.# ##.#### ##.....## #.#
#...# ##...## #.# #°☼@# ##'####
#.# #☼§○# #..... #.# #§§§# #..##.
#######.######...###### ####..##.
#.......#..§§......§..###........
#.#######.§§○.....☼§§..##......##
#.# #.§§○.....○§☼...#.#...###
#.## ######...#####....##.....
...# #.☼§# #######.####


There were no monsters in sight!

Vanquished Creatures
  The ghost of Bobsterar the Slasher, an amateur HuCK of Xom (D:3)
  A sky beast (D:3)
  A phantom (D:3)
  Jessica (D:2)
  5 adders
  4 gnolls (D:2)
  A worm (D:3)
  3 dart slugs
  3 orcs (D:3)
  A bat (D:1)
  5 endoplasms
  4 giant cockroaches
  6 goblins
  9 hobgoblins
  12 kobolds
  3 quokkas (D:3)
  10 ball pythons
  3 frilled lizards
  6 rats
79 creatures vanquished.

Vanquished Creatures (others)
  A giant cockroach (D:3)
1 creature vanquished.

Grand Total: 80 creatures vanquished

Notes
Turn   | Place    | Note
-------+----------+-------------------------------------------
     0 | D:1      | sampeng1 the Minotaur Berserker began the quest for the
                  | Orb.
     0 | D:1      | Reached XP level 1. HP: 19/19 MP: 0/0
   142 | D:1      | Reached XP level 2. HP: 26/27 MP: 1/1
   798 | D:2      | Reached XP level 3. HP: 27/33 MP: 2/2
   991 | D:2      | Noticed Jessica
   996 | D:2      | Killed Jessica
   997 | D:2      | Reached XP level 4. HP: 41/41 MP: 3/3
  1144 | D:2      | Identified the +4 sling "Ezxiuhum" {speed, Drain rC+ rN+
                  | rCorr}
  1194 | D:2      | Reached ** piety under Trog
  1857 | D:2      | Found a faded altar of an unknown god.
  2281 | D:3      | Reached XP level 5. HP: 47/47 MP: 4/4
  2290 | D:3      | Noticed a phantom
  2306 | D:3      | Killed a phantom
  2645 | D:3      | Reached skill level 5 in Fighting
  2647 | D:3      | Reached skill level 5 in Axes
  2842 | D:3      | Found a runed translucent gate.
  2842 | D:3      | Found a runed translucent gate.
  2843 | D:3      | Found a runed translucent gate.
  2844 | D:3      | Found an opulent altar of Gozag.
  2845 | D:3      | Noticed Bobsterar's ghost (amateur HuCK)
  2845 | D:3      | Noticed a sky beast
  2862 | D:3      | Killed Bobsterar's ghost
  2863 | D:3      | Reached XP level 6. HP: 56/56 MP: 5/5
  2867 | D:3      | Killed a sky beast
  3430 | D:3      | Engulfed by a cloud of flame

Illustrated notes

Levels and vault maps discovered:
D:1:      amcnicky_arrival_gap_in_the_tavern_cellar, layout_loops_cross,
          minmay_split_cup_small
D:2:      layout_loops_corners, shapermc_ecumenical_altar_hornbeckon,
          minmay_goblin_kobold_house, uniq_jessica
D:3:      minmay_chambers_of_threes, layout_loops_corners, ebering_ghost_gozag,
          kennysheep_nondescript, lemuel_flame_loot_1

Skill      XL: |  1  2  3  4  5 |
---------------+----------------+-----
Axes           | 4 5 |  5.6
Fighting       | 4 5 |  5.7
Armour         | 3 4 |  4.9
Dodging        | 3 4 |  4.4

Action                     |  1- 3 |  4- 6 || total
---------------------------+-------+-------++-------
  Melee: Hand axe          |    55 |   124 ||   179
         Headbutt          |    10 |    15 ||    25
 Invoke: Berserk           |       |     1 ||     1
    Use: Potion            |     1 |       ||     1
         Scroll            |       |    10 ||    10
 Armour: Animal skin       |     5 |       ||     5
         Ring mail         |    13 |    57 ||    70
  Dodge: Dodged            |    35 |    61 ||    96
